 Dungeon Crawl Stone Soup version 0.31-a0-188-g5e087ee2ca (webtiles) character file.

Game seed: 3538042203672011822

29 qw the Shooter (level 3, -1/20 HPs)
             Began as a Deep Elf Hunter on June 22, 2023.
             Slain by a worm (4 damage)
             ... on level 1 of the Dungeon.
             The game lasted 00:00:27 (1024 turns).

qw the Shooter (Deep Elf Hunter)                    Turns: 1024, Time: 00:00:28

Health: -1/20      AC:  5    Str: 10    XL:     3   Next: 1%
Magic:  5/5        EV: 11    Int: 13    God:
Gold:   43         SH:  0    Dex: 18    Spells: 2/2 levels left

rFire   . . .        Y - +0 shortbow
rCold   . . .        (shield currently unavailable)
rNeg    . . .        i - +0 ring mail
rPois   .            (no helmet)
rElec   .            (no cloak)
rCorr   .            (no gloves)
SInv    .            (no boots)
Will    .....        (no amulet)
Stlth   +            (no ring)
HPRegen 0.23/turn    (no ring)
MPRegen 0.09/turn

%: no passive effects
@: no status effects
A: no striking features
a: no special abilities


You were on level 1 of the Dungeon.
You visited 1 branch of the dungeon, and saw 2 of its levels.

You collected 43 gold pieces.


   Skills:
 - Level 1.5 Fighting
 + Level 6.6 Ranged Weapons
 - Level 2.4 Dodging
 - Level 1.2 Stealth


You had 2 spell levels left.
You didn't know any spells.
Your spell library was empty.

Inventory:

Hand Weapons
 Y - a +0 shortbow (weapon)
Armour
 i - a +0 ring mail (worn)
Jewellery
 h - a ring of fire
Scrolls
 g - a scroll of identify
Potions
 f - a potion of haste {unknown}

Dungeon Overview and Level Annotations

Branches:
Dungeon (2/15)

Altars:


Message History

Enter note:
Enter note:
Enter note:
Enter note:
Enter note:
Enter note:
Enter note:
Enter note:
Enter note:
Enter note:
There is a stone staircase leading down here.
Done exploring.
(D) Dungeon
Where to? (* - list waypoints, Enter - D:2, ? - help)
What level of the Dungeon? (default 1, ? - help)
You climb downwards.
Found 5 poisoned darts.
There is a stone staircase leading up here.
There are monsters nearby!
Waypoint 1 assigned to D:2.
You shoot an arrow. The arrow barely misses the worm.
You shoot an arrow. The arrow hits the worm.
The worm is moderately wounded.
The worm bites you!
1019 ||| STAIRDANCE The worm bites you!
Ouch! That really hurt!
You climb upwards.
There is a stone staircase leading down here.
You shoot an arrow. The arrow hits the worm.
The worm is heavily wounded.
You shoot an arrow.
The arrow hits the worm but does no damage.
The worm is heavily wounded.
The worm closely misses you.
You shoot an arrow. The arrow completely misses the worm.
The worm bites you.
You shoot an arrow. The arrow barely misses the worm.
The worm bites you.
You die...

############# #...........#
#####.#########.# ...#.......##
#.# ##..........# #.# #######
###.........###.## #......
.................# #.#####
#####.#..)...%.w@##########.#####
#...#.#.....###................##
#.#.#.#.....###..####............
#.#.#.#......##..####..####......
#.#...#..........................
#.#####.#.#.###..####..#####.#.##
#)......#.#.##...# #..# #.#.#
#.#####.#.#......# #..#####.#.##
#.#...#.#.####...####.....##.#..#


You could see a worm.

Vanquished Creatures
  3 ball pythons (D:1)
  3 bats (D:1)
  2 endoplasms (D:1)
  2 giant cockroaches (D:1)
  3 goblins (D:1)
  3 jackals (D:1)
  A frilled lizard (D:1)
  5 kobolds (D:1)
  4 rats (D:1)
26 creatures vanquished.

Notes
Turn   | Place    | Note
-------+----------+-------------------------------------------
     0 | D:1      | qw the Deep Elf Hunter began the quest for the Orb.
     0 | D:1      | Reached XP level 1. HP: 12/12 MP: 3/3
     0 | D:1      | 0 ||| qw: Version: 0.3-a-9-g12657ce
     0 | D:1      | 0 ||| qw: Game counter: 3068
     0 | D:1      | 0 ||| qw: Always use a shield: true
     0 | D:1      | 0 ||| qw: God list: Okawaru
     0 | D:1      | 0 ||| qw: Allow faded altars: false
     0 | D:1      | 0 ||| qw: Do Orc after D:15 true
     0 | D:1      | 0 ||| qw: Do second Lair branch before Depths: true
     0 | D:1      | 0 ||| qw: Lair rune preference: random
     0 | D:1      | 0 ||| qw: Plans: Normal
     0 | D:1      | 0 ||| PLANNING D:1-11
     7 | D:1      | Noticed a lindwurm
     7 | D:1      | Noticed a salamander
     7 | D:1      | Noticed an eight-headed hydra
     8 | D:1      | Noticed a scorpion
   112 | D:1      | Found a faded altar of an unknown god.
   172 | D:1      | Reached XP level 2. HP: 16/16 MP: 4/4
   178 | D:1      | Reached skill level 6 in Ranged Weapons
   430 | D:1      | 430 ||| UPGRADING to +0 ring mail.
   440 | D:1      | 440 ||| DROPPING +0 leather armour.
   733 | D:1      | Reached XP level 3. HP: 20/20 MP: 5/5
   882 | D:1      | 882 ||| READING scroll labelled KECSARR PASOARPH.
   883 | D:1      | 883 ||| READING scroll labelled IGITRIV URGH.
   918 | D:1      | 918 ||| READING scroll labelled JIOBUA FIUFIVI.
   919 | D:1      | 919 ||| READING 2 scrolls labelled ICIPUVI TIZAM.
   920 | D:1      | 920 ||| READING scroll labelled CUTUENT WULI.
   921 | D:1      | 921 ||| READING scroll labelled PEYKHL CEYD.
   922 | D:1      | 922 ||| DROPPING scroll of butterflies.
   924 | D:1      | 924 ||| Stepping ~*~*~tactically~*~*~ (cloud).
  1019 | D:2      | 1019 ||| STAIRDANCE
  1019 | D:2      | HP: 3/20 [worm (10)]
  1024 | D:1      | Slain by a worm

Levels and vault maps discovered:
D:1:      onia_arrival_zoo_common, layout_loops_ring,
          dreamdust_ecumenical_altar_statues, roderic_lattice_a,
          bh_walls_and_bars
D:2:      layout_rooms, uniq_jessica

Skill      XL: |  1  2 |
---------------+-------+-----
Ranged Weapons | 6 |  6.6
Fighting       | |  1.5
Dodging        | |  2.4
Stealth        | |  1.2

Action                     || total
---------------------------++-------
   Fire: Shortbow          ||    78
    Use: Scroll            ||     6
 Armour: Leather armour    ||     5
         Ring mail         ||     2
  Dodge: Dodged            ||    24

Table legend:
 A = Non-vault XP
 B = Vault XP
 C = Vault XP percentage of total XP
 D = Non-vault monster count
 E = Vault monster count
 F = Vault count percentage of total count
                 A         B        C        D         E       F
            +---------+---------+-------+---------+---------+-------
      Total |      42 |       0 |   0.0 |      26 |       0 |   0.0
            +---------+---------+-------+---------+---------+-------
        D:1 |      42 |       0 |   0.0 |      26 |       0 |   0.0
            +---------+---------+-------+---------+---------+-------
